AoeStats
← veysipak

Arena

510326506Analyzed
2v2 RM · 9h ago on Sep 30, 2026· 46m 33s· 4 players
Game mode
Random Map
Map size
Medium (4 player)
Population
200
Speed
Normal
Resources
Standard
Victory
Conquest
Starting age
Dark Age
Ending age
Imperial Age
RankedLock teamsTeams togetherTeam positionsShared explorationLock speedFull tech treeHidden civsTurbo modeCheats
Victory
Defeat
🇨🇳 Mongols · China
1193
+13
🇨🇳 Tupi · China
993
+21
🇳🇱 Slavs · Netherlands
1123
-17
🇹🇷 Magyars · Türkiye
1104
-17
爱你的阿金
7:43 Loom
10:28 Feudal Age
11:05 Double-Bit Axe
11:01 Horse Collar
21:02 Castle Age
20:19 Gold Mining
20:22 Stone Mining
20:29 Fletching
20:41 Padded Archer Armor
22:24 Squires
22:09 Arson
21:46 Pikeman
22:46 Bow Saw
22:38 Heavy Plow
22:55 Forging
32:22 Imperial Age
32:04 Wheelbarrow
33:17 Gold Shaft Mining
32:40 Bodkin Arrow
33:00 Leather Archer Armor
33:24 Conscription
34:30 Curare
35:02 Hoardings
34:33 Bracer
36:42 Two-Man Saw
36:07 Leather Archer Armor
37:47 Hand Cart
39:02 Chemistry
38:23 Ballistics
37:48 Arrowslits
37:59 Murder Holes
38:21 Elite Blackwood Archer
39:32 Treadmill Crane
44:06 Elite Ibirapema Warrior
44:07 Halberdier
44:39 Town Watch
45:27 Ring Archer Armor
45:37 Iron Casting
45:03 Scale Mail Armor
ACcloud14
4:07 Loom
9:25 Feudal Age
13:45 Castle Age
11:53 Double-Bit Axe
12:59 Horse Collar
19:39 Wheelbarrow
18:51 Loom
20:50 Bow Saw
22:44 Heavy Plow
22:36 Gold Mining
24:05 Hand Cart
25:14 Gold Shaft Mining
24:39 Stone Mining
29:05 Imperial Age
26:48 Fortified Wall
26:50 Masonry
27:48 Fletching
28:28 Padded Archer Armor
28:57 Bodkin Arrow
29:17 Bloodlines
29:07 Husbandry
29:15 Thumb Ring
29:28 Leather Archer Armor
30:50 Chemistry
29:54 Bracer
30:22 Parthian Tactics
31:03 Siege Engineers
32:31 Scale Barding Armor
32:11 Light Cavalry
33:53 Conscription
34:43 Chain Barding Armor
34:58 Ballistics
35:06 Elite Mangudai
35:17 Capped Ram
36:49 Hoardings
36:19 Siege Ram
36:34 Elite Skirmisher
37:18 Scale Mail Armor
39:37 Drill
41:49 Stone Shaft Mining
Giraffetietje
10:54 Feudal Age
11:35 Double-Bit Axe
11:30 Horse Collar
17:57 Castle Age
17:33 Forging
17:29 Scale Barding Armor
19:10 Wheelbarrow
19:10 Bow Saw
21:32 Stone Mining
21:33 Gold Mining
22:50 Bloodlines
22:40 Husbandry
27:08 Iron Casting
26:54 Chain Barding Armor
27:46 Heavy Plow
30:46 Imperial Age
28:54 Gold Shaft Mining
29:03 Light Cavalry
30:59 Caravan
31:05 Loom
31:36 Hand Cart
31:52 Conscription
31:55 Ballistics
32:36 Chemistry
32:57 Two-Man Saw
veysipak
9:11 Feudal Age
16:27 Castle Age
14:51 Double-Bit Axe
15:10 Horse Collar
16:05 Gold Mining
18:23 Wheelbarrow
28:31 Imperial Age
25:54 Fletching
26:31 Heavy Plow
26:48 Bow Saw
27:52 Bodkin Arrow
30:59 Gold Shaft Mining
30:39 Bracer
31:40 Parthian Tactics
32:57 Ballistics
34:14 Recurve Bow
34:56 Heavy Cavalry Archer
36:04 Elite Skirmisher
38:55 Chemistry
38:27 Padded Archer Armor
40:23 Scale Barding Armor
40:18 Light Cavalry
41:09 Bloodlines
42:34 Hussar
44:24 Chain Barding Armor
44:39 Leather Archer Armor
Connection lost

Rejoining the realm…

Still unreachable

The connection could not be restored.

Session expired

The server has moved on; the page needs a fresh start.